 Dungeon Crawl Stone Soup version 0.31-a0-845-g9abc20d24f (webtiles) character file.

Game seed: 11794077279518503774

558379 Flugkiller the Englaciator (level 27, -14/208 HPs)
             Began as a Formicid Ice Elementalist on Oct 3, 2023.
             Was an Initiate of Gozag.
             Demolished by Hoinyxzu the pandemonium lord (28 damage)
             ... on level 2 of the Realm of Zot.
             The game lasted 01:39:32 (74578 turns).

Flugkiller the Englaciator (FoIE)                  Turns: 74578, Time: 01:39:33

Health: -14/208    AC: 25    Str: 19    XL:     27
Magic:  38/48      EV: 14    Int: 32    God:    Gozag
Gold:   4303       SH:  0    Dex: 17    Spells: 27/68 levels left

rFire   + . .        b - staff of cold
rCold   + . .        (no shield)
rNeg    + . .        T - +6 scale mail "Ipewett" {Dex+3}
rPois   .            (helmet unavailable)
rElec   .            u - +0 cloak
rCorr   +            r - +2 pair of gloves {Stlth+}
SInv    +            B - +2 pair of boots
Will    ++...        i - amulet of magic regeneration
Stlth   +            F - +6 ring of intelligence
HPRegen 0.54/turn    Y - ring "Roupydgh" {rF+ rN+ rCorr Str+3}
MPRegen 0.71/turn

%: no passive effects
@: gold aura, contaminated, glowing, studying 2 skills
A: permanent stasis, dig shafts and tunnels, antennae 3, four strong arms,
MP-powered wands
0: Orb of Zot
}: 3/15 runes: barnacled, slimy, gossamer
a: Dig, Shaft Self, Renounce Religion, Potion Petition, Call Merchant, Bribe
Branch


You were on level 2 of the Realm of Zot.
You worshipped Gozag.
Gozag was most pleased with you.
You visited 11 branches of the dungeon, and saw 52 of its levels.
You also visited: Sewer.

You collected 24896 gold pieces.
You spent 3738 gold pieces at shops.
You paid 16855 gold pieces to Gozag.

Inventory:

Hand Weapons
 V - the +9 quarterstaff "Jioshrife" {venom, Int+5}
   (You found it on level 5 of the Realm of Zot)

   Int+5:     It affects your intelligence (+5).
Missiles
 g - 5 throwing nets
 H - 11 curare-tipped darts
Armour
 r - a +2 pair of gloves of stealth (worn)
   (You found it on level 4 of the Spider Nest)
 u - a +0 cloak (worn)
   (You found it on level 3 of the Dungeon)
 B - a +2 pair of boots (worn)
   (You found it on level 15 of the Dungeon)
 P - the +3 robe "Dexemiogh" {rF+ rC+ Will+}
   (You took it off a deep elf zephyrmancer on level 1 of the Elven Halls)

   rF+:       It protects you from fire.
   rC+:       It protects you from cold.
   Will+:     It increases your willpower.
 T - the +6 scale mail "Ipewett" (worn) {Dex+3}
   (You found it on level 5 of the Lair of Beasts)

   Dex+3:     It affects your dexterity (+3).
Magical Staves
 b - a staff of cold (weapon)
   (You found it on level 12 of the Dungeon)
Jewellery
 f - a ring of protection from fire
   (You found it on level 1 of the Spider Nest)
 i - an amulet of magic regeneration (around neck)
   (You found it on level 3 of the Dungeon)
 o - a ring of poison resistance
   (You found it on level 12 of the Dungeon)
 p - a +4 ring of protection
   (You found it on level 8 of the Dungeon)
 x - a ring of protection from cold
   (You took it off a spriggan on level 2 of the Depths)
 z - the ring of Egras {Wiz rPois rF- Will+++ rCorr}
   (You found it on level 3 of the Lair of Beasts)

   [ring of wizardry]

   Wiz:       It improves your spell success rate.
   rF-:       It makes you vulnerable to fire.
   rPois:     It protects you from poison Will+++: It greatly increases your
   willpower.
   rCorr:     It protects you from acid and corrosion.
 C - a ring of flight
   (You took it off a deep elf sorcerer on level 3 of the Elven Halls)
 F - a +6 ring of intelligence (left hand)
   (You bought it in a shop on level 2 of the Orcish Mines)
 O - a +6 ring of dexterity
   (You found it on level 1 of the Lair of Beasts)
 X - the ring "Lomysk" {rC+ rN+ Int+2 Stlth+}
   (You found it on level 5 of the Pits of Slime)

   [ring of protection from cold]

   Int+2:     It affects your intelligence (+2).
   rC+:       It protects you from cold.
   rN+:       It protects you from negative energy.
   Stlth+:    It makes you more stealthy.
 Y - the ring "Roupydgh" (right hand) {rF+ rN+ rCorr Str+3}
   (You bought it in a shop on level 4 of the Vaults)

   [ring of positive energy]

   Str+3:     It affects your strength (+3).
   rF+:       It protects you from fire.
   rN+:       It protects you from negative energy.
   rCorr:     It protects you from acid and corrosion.
Wands
 e - a wand of flame (101)
   (You took it off Edmund on level 4 of the Dungeon)
 h - a wand of polymorph (35)
   (You found it on level 5 of the Dungeon)
 j - a wand of iceblast (19)
   (You found it on level 2 of the Dungeon)
 m - a wand of mindburst (26)
   (You found it on level 4 of the Dungeon)
 E - a wand of digging (7)
   (You bought it in a shop on level 3 of the Shoals)
 J - a wand of charming (56)
   (You found it on level 8 of the Dungeon)
 N - a wand of acid (50)
   (You found it on level 11 of the Dungeon)
Scrolls
 a - 2 scrolls of enchant armour
 l - 6 scrolls of fog
 s - 5 scrolls of revelation
 G - 6 scrolls of poison
 I - 8 scrolls of immolation
 K - 7 scrolls of vulnerability
 L - 2 scrolls of summoning
 Q - 6 scrolls of fear
 R - 4 scrolls of torment
Potions
 c - a potion of cancellation
 d - 7 potions of might
 n - 6 potions of resistance
 q - 16 potions of curing
 t - 13 potions of enlightenment
 v - 18 potions of ambrosia
 w - 6 potions of heal wounds
 A - 7 potions of attraction
 D - a potion of invisibility
 M - 4 potions of brilliance
 S - 8 potions of lignification
 U - 7 potions of mutation
 W - 2 potions of magic
Miscellaneous
 k - a phantom mirror
   (You found it on level 4 of the Shoals)
 y - a condenser vane
   (You found it on level 1 of the Vaults)


   Skills:
 - Level 15.4 Fighting
 - Level 4.0 Maces & Flails
 - Level 15.0 Armour
 - Level 8.0 Dodging
 - Level 2.4 Stealth
 - Level 21.3 Spellcasting
 + Level 14.5 Conjurations
 - Level 5.0 Summonings
 - Level 7.8 Transmutations
 O Level 27 Ice Magic
 + Level 17.9 Earth Magic
 - Level 10.0 Evocations


You had 27 spell levels left.
You knew the following spells:

 Your Spells              Type           Power      Damage    Failure   Level
a - Freeze                Ice            100%       1d10      0%          1
b - Frozen Ramparts       Ice            100%       1d16      0%          3
c - Ozocubu's Armour      Ice            100%       N/A       0%          3
d - Summon Ice Beast      Ice/Summ       100%       N/A       1%          4
e - Stone Arrow           Conj/Erth      100%       3d13      0%          3
f - Ozocubu's Refrigerat  Ice            71%        4d23      1%          7
g - Bombard               Conj/Erth      47%        9d8       1%          6
h - Polar Vortex          Ice            71%        12d9*     3%          9
i - Irradiate             Conj/Tmut      40%        3d25      1%          5

Your spell library contained the following spells:

 Spells                   Type           Power      Damage    Failure   Level
 Sandblast                Erth           100%       2d20      0%          1
 Ensorcelled Hibernation  Hex/Ice        100%       N/A       0%          2
 Passwall                 Tmut/Erth      71%        N/A       0%          2
 Hailstorm                Conj/Ice       100%       3d20      0%          3
 Apportation              Tloc           68%        N/A       1%          1
 Foxfire                  Conj/Fire      100%       2x1d9     1%          1
 Summon Small Mammal      Summ           100%       N/A       1%          1
 Momentum Strike          Conj/Tloc      100%       3d10      1%          2
 Static Discharge         Conj/Air       100%       2-7/arc   1%          2
 Wereblood                Tmut           71%        N/A       1%          2
 Call Canine Familiar     Summ           60%        N/A       1%          3
 Ignite Poison            Fire/Tmut/Pois 50%        N/A       1%          3
 Mephitic Cloud           Conj/Pois/Air  60%        N/A       1%          3
 Brom's Barrelling Bould  Conj/Erth      95%        2d10      1%          4
 Flame Wave               Conj/Fire      69%        2d16      1%          4
 Fulminant Prism          Conj/Hex       34%        3d16      1%          4
 Iskenderun's Mystic Bla  Conj/Tloc      69%        2d14      1%          4
 Leda's Liquefaction      Hex/Erth       37%        N/A       1%          4
 Petrify                  Tmut/Erth      86%        N/A       1%          4
 Sticky Flame             Conj/Fire      69%        2d8       1%          4
 Borgnjor's Vile Clutch   Necr/Erth      37%        N/A       1%          5
 Freezing Cloud           Conj/Ice/Air   55%        6-21      1%          5
 Lee's Rapid Deconstruct  Erth           49%        3d23*     1%          5
 Metabolic Englaciation   Hex/Ice        55%        N/A       1%          5
 Summon Guardian Golem    Hex/Summ       50%        N/A       2%          3
 Cigotuvi's Dreadful Rot  Necr/Pois/Air  68%        N/A       3%          2
 Jinxbite                 Hex            68%        N/A       3%          2
 Lesser Beckoning         Tloc           68%        N/A       3%          2
 Sublimation of Blood     Necr           34%        N/A       3%          2
 Gell's Gravitas          Tloc           34%        N/A       6%          3
 Inner Flame              Hex/Fire       34%        N/A       6%          3
 Sigil of Binding         Hex            34%        N/A       6%          3
 Teleport Other           Tloc           34%        N/A       6%          3
 Volatile Blastmotes      Fire/Tloc      68%        2d15      6%          3
 Summon Lightning Spire   Summ/Air       50%        N/A       7%          4
 Alistair's Intoxication  Tmut/Pois      37%        N/A       12%         5
 Starburst                Conj/Fire      34%        6d10      16%         6
 Lehudib's Crystal Spear  Conj/Erth      47%        10d11     17%         8
 Airstrike                Air            17%        2d(3-19)  21%         4
 Anguish                  Hex/Necr       17%        N/A       21%         4
 Cause Fear               Hex            17%        N/A       21%         4
 Olgreb's Toxic Radiance  Pois           34%        N/A       21%         4
 Passage of Golubria      Tloc           34%        N/A       21%         4
 Silence                  Hex/Air        17%        N/A       50%         5
 Eringya's Noxious Bog    Tmut/Pois      28%        4d6       54%         6
 Summon Hydra             Summ           30%        N/A       91%         7
 Death Channel            Necr           17%        N/A       97%         6
 Dispersal                Tloc           17%        N/A       97%         6
 Plasma Beam              Fire/Air       17%        2x1d28    97%         6
 Simulacrum               Ice/Necr       Unusable   N/A       N/A         6
 Blink                    Tloc           Unusable   N/A       N/A         2
 Swiftness                Air            Unusable   N/A       N/A         3
 Animate Dead             Necr           Unusable   N/A       N/A         4

Dungeon Overview and Level Annotations

Branches:
Dungeon (15/15)            Temple (1/1) D:4            Lair (5/5) D:11
 Shoals (4/4) Lair:3       Spider (4/4) Lair:2        Slime (5/5) Lair:5
    Orc (2/2) D:9             Elf (3/3) Orc:2        Vaults (4/5) D:13
  Crypt (0/3) Vaults:2     Depths (4/4) D:15            Zot (5/5) Depths:4
  Sewer (visited)

Altars:
Ashenzari
Cheibriados
Dithmenos
Elyvilon
Fedhas
Gozag
Hepliaklqana
Kikubaaqudgha
Makhleb
Nemelex Xobeh
Okawaru
Qazlal
Ru
Sif Muna
Trog
Uskayaw
Vehumet
Wu Jian
Xom
Yredelemnul
Zin
The Shining One
Jiyva
Lugonu

Shops:
D:5 *   Orc:2 *:![   Elf:3 :   Lair:1 :   Shoals:1 **   Shoals:3 *   Shoals:4 :
Vaults:4 =

Portals:
Hell: Depths:1 Depths:2 Depths:3 Depths:4
Abyss: Lair:5 Depths:1 Depths:2 Depths:3
Pandemonium: Depths:2
Ziggurat: Depths:1
Trove: Depths:2 (give +3 shadow dragon scales)

Annotations:
D:12 3 runed translucent doors, Ezid's ghost, journeyman TrBe
Lair:4 exclusions: door and oklob plant
Shoals:1 3 runed translucent doors, exclusion: obsidian statue, morax's ghost, adept HOFi
Spider:1 1 runed translucent door, Humorgho's ghost, journeyman MiBe
Elf:2 5 runed translucent doors
Vaults:3 exclusion: orange crystal statue


Innate Abilities, Weirdness & Mutations

You cannot be hasted, slowed, berserked, paralysed or teleported.
You can dig through walls and to a lower floor.
You have a pair of large antennae on your head. (SInv)
Your four strong arms can wield two-handed weapons with a shield.
You expend magic power (3 MP) to strengthen your wands.


Message History

[a] - 360 gold - resistance, might and brilliance [b] - 240 gold - brilliance and magic [c] - 232 gold - heal wounds and curing Purchase which effect?
You feel protected.
You feel mightier all of a sudden.
You feel more clever all of a sudden.
The winds around you start to calm down.
You float gracefully downwards.
You hear a deafening roar!
Hoinyxzu hits you but does no damage.
Casting: Polar Vortex (dangerous; 3% risk of failure)
Confirm with . or Enter, or press ? or * to list all spells.
You feel a surge of power!
You erupt in a fountain of uncontrolled magic!
Hoinyxzu is blasted with magical radiation!!
Hoinyxzu is severely wounded.
The Tzitzimitl is blasted with magical radiation!!!
You kill the Tzitzimitl!
You are lightly contaminated with residual magic.
Hoinyxzu hits you!
* * * LOW HITPOINT WARNING * * *
Press: ? - help, v - describe, . - travel
Here: Hoinyxzu (severely wounded)
The floor.
Unknown command. [a] - 286 gold - heal wounds, might and brilliance [b] - 210 gold - resistance [c] - 105 gold - heal wounds Purchase which effect?
You feel much better. Hoinyxzu hits you.
* * * LOW HITPOINT WARNING * * *
Hoinyxzu hits you but does no damage.
Casting: Irradiate (mildly dangerous; 1% risk of failure)
Confirm with . or Enter, or press ? or * to list all spells.
You feel a surge of power!
You erupt in a fountain of uncontrolled magic!
Hoinyxzu is blasted with magical radiation!!
Hoinyxzu is severely wounded.
You are contaminated with residual magic.
Hoinyxzu hits you!
* * * LOW HITPOINT WARNING * * *
A quicksilver dragon comes into view.
Press: ? - help, v - describe, . - travel
Here: Hoinyxzu (severely wounded)
The floor.
Unknown command.
Unknown command. [a] - 240 gold - enlightenment and heal wounds [b] - 110 gold - enlightenment [c] - 408 gold - lignification, might and resistance Purchase which effect?
You feel very buoyant.
You fly up into the air.
You feel much better.
You flicker back into view.
The winds around you calm down. Hoinyxzu hits you!
* * * LOW HITPOINT WARNING * * *
You are even more entangled.
The quicksilver dragon breathes dispelling energy at you.
The bolt of dispelling energy hits you!
Your magical effects are unravelling.
* * * LOW HITPOINT WARNING * * *
Hoinyxzu hits you!
* * * LOW HITPOINT WARNING * * *
You are even more entangled.
Okay, then.
Unknown command. [a] - 273 gold - heal wounds and magic [b] - 522 gold - resistance and invisibility [c] - 378 gold - resistance and might Purchase which effect?
You feel much better. Magic courses through your body.
You float gracefully downwards.
You feel a little less mighty now.
You feel a little less clever now.
Your resistance to elements expires.
Your enlightenment fades.
Hoinyxzu hits you!!
* * * LOW HITPOINT WARNING * * *
You are even more entangled.
Casting: Irradiate (mildly dangerous; 1% risk of failure)
Confirm with . or Enter, or press ? or * to list all spells.
Aiming: Bombard (mildly dangerous; 1% risk of failure)
Press: ? - help, Shift-Dir - straight line, f - Hoinyxzu
Aim: Hoinyxzu (severely wounded, 31% to hit)
The iron shot hits Hoinyxzu!!!
Hoinyxzu is severely wounded.
Hoinyxzu hits you but does no damage.
A red draconian scorcher comes into view.
It is wielding a +0 whip.
Casting: Bombard (mildly dangerous; 1% risk of failure)
Confirm with . or Enter, or press ? or * to list all spells.
Aiming: Bombard (mildly dangerous; 1% risk of failure)
Press: ? - help, Shift-Dir - straight line, f/p - Hoinyxzu
Aim: Hoinyxzu (severely wounded, 31% to hit)
The iron shot hits Hoinyxzu!!
Hoinyxzu is almost dead.
The blast sends you backwards.
A Hell Sentinel comes into view.
The Hell Sentinel roars!
You hear a roar!
Hoinyxzu hits you!!
You die...
Your body crumbles into a pile of gold.

***,,*##....##..###..###
****,,*##..####..###..##
,***,,,*##..####<)#....##
,,*,,,,,###..####.......##
*,,,,,,,.###..####.......##
**,,,,,,..###..##.........##
*,,,,,,,...###.$.$.......⌠.##
,,**,,,,.......&<...........##
,,**,,,,q....D.$@............##
,,,,,,,,####...........1......##
,,,,***,,* ##..................#
,,,***,,**##.......####.......##
,,,,,,,**##.......####.......##
⌠***,,***#.......####.......##
,,*,,***#..##...####......)##
*,,,***#..###..####.......##
*,,** #..#*#..####.......##


You could see Hoinyxzu, a Hell Sentinel and a quicksilver dragon.

Vanquished Creatures
  the Royal Jelly (Slime:5)
  Dissolution (Slime:5)
  A dread lich (Zot:5)
  6 orbs of fire
  Sojobo (Depths:1)
  3 curse toes
  The ghost of Gaexku the Warrior, a veteran DrSh of Okawaru (Depths:4)
  8 golden dragons
  A bone dragon (Depths:4)
  A Tzitzimitl (Zot:2)
  An Ice Fiend (Zot:2)
  An electric golem (Zot:5)
  A lich (Vaults:4)
  A titan (Depths:3)
  11 tentacled monstrosities
  10 Orb Guardians (Zot:5)
  A deep elf master archer (Elf:3)
  3 sphinxes
  2 krakens
  3 quicksilver dragons
  An Executioner (Zot:2)
  27 acid blobs
  Frances (Elf:1)
  6 death cobs
  9 storm dragons
  3 tengu reavers
  7 shadow dragons
  8 azure jellies
  10 rockslimes
  3 draconian monks
  2 fenstrider witches (Depths:2)
  An iron dragon (Vaults:3)
  Aizul (Shoals:3)
  6 fire giants
  2 draconian knights
  8 deep elf sorcerers
  3 emperor scorpions
  5 frost giants
  5 draconian scorchers
  17 vault wardens
  3 balrugs
  3 deep elf elementalists
  4 ghost moths
  3 draconian shifters
  A cacodemon (Depths:2)
  A spriggan defender (Depths:2)
  2 draconian stormcallers
  An orc warlord (Orc:2)
  12 quicksilver oozes
  2 war gargoyles
  35 very ugly things
  6 broodmothers
  A demonspawn blood saint (Zot:5)
  18 ironbound preservers
  2 vampire knights (Depths:2)
  11 ironbound thunderhulks
  6 formless jellyfish
  10 stone giants
  An elemental wellspring (Depths:2)
  4 deep elf demonologists
  4 black draconians
  7 dire elephants (Vaults:1)
  9 red draconians
  4 white draconians
  A minotaur (Lair:3)
  8 yellow draconians
  4 deep elf annihilators
  4 ettins
  4 green draconians
  14 spark wasps
  5 purple draconians
  4 deep elf death magi
  A green death (Zot:2)
  2 merfolk javelineers (Shoals:4)
  A crystal guardian (Vaults:3)
  9 merfolk impalers
  3 entropy weavers
  Josephine (Orc:2)
  9 fire dragons
  10 yaktaur captains
  Harold (D:9)
  5 jiangshi
  7 great orbs of eyes
  5 vault guards
  4 deep elf high priests
  3 rakshasas (D:15)
  4 ice dragons
  A peacekeeper (Vaults:3)
  10 ironbound frosthearts
  A hell beast (Depths:4)
  5 merfolk avatars
  4 hydras
  34 centaur warriors
  2 spriggan air magi
  2 jorogumos (Spider:4)
  An ogre mage (D:15)
  3 salamander tyrants (Depths:2)
  4 boulder beetles
  5 merfolk aquamancers
  2 satyrs (Shoals:3)
  15 dancing weapons
  4 radroaches
  A boulder beetle (shapeshifter) (Depths:4)
  A death yak (Lair:3)
  4 hell hogs (Depths:4)
  4 alligator snapping turtles
  9 deep troll earth magi
  8 two-headed ogres
  8 deep troll shamans
  9 demonic crawlers
  The ghost of AceOff the Spry, a journeyman FeSh of Cheibriados (Lair:3)
  A tengu warrior (Depths:1)
  5 orc high priests (Orc:2)
  8 hell knights
  2 vampire magi
  2 spriggan berserkers (Depths:2)
  Sonja (D:12)
  2 thrashing horrors (Lair:5)
  15 deep elf knights
  3 soul eaters
  13 sun demons
  4 sun moths
  A fire crab (shapeshifter) (Depths:1)
  3 skysharks
  2 salamander mystics (Depths:4)
  6 pharaoh ants
  11 sea snakes
  A glowing orange brain (shapeshifter) (Depths:3)
  9 iron trolls
  48 deep trolls
  A flayed ghost (Depths:3)
  10 orb spiders
  6 glowing orange brains
  2 deep trolls (shapeshifter)
  Pikel (D:8)
  5 wizards
  16 harpies
  4 orc knights
  5 lindwurms (Vaults:1)
  29 deep elf pyromancers
  10 steelbarb worms
  13 ironbound convokers
  11 deep elf archers
  23 deep elf zephyrmancers
  2 orc sorcerers
  6 necromancers
  7 cyclopes
  7 salamanders
  2 manticores (shapeshifter)
  A stone giant zombie (Vaults:3)
  24 wolf spiders
  15 manticores
  22 fauns
  A human zombie (Vaults:3)
  38 ugly things
  17 elephants
  21 moths of wrath
  5 shining eyes
  9 merfolk sirens
  A rust devil (Depths:2)
  17 vault sentinels
  An eye of devastation (Slime:5)
  A guardian serpent (shapeshifter) (D:14)
  4 black mambas
  Joseph (D:8)
  6 torpor snails
  2 orange demons
  4 smoke demons
  A gargoyle (D:12)
  5 water nymphs
  2 rime drakes
  9 cane toads
  An efreet (D:15)
  7 komodo dragons
  A rime drake (shapeshifter) (Elf:1)
  A tengu conjurer (Depths:1)
  A freezing wraith (D:15)
  30 yaktaurs
  A human skeleton (Vaults:3)
  4 trolls
  A meliai (Spider:4)
  A troll (shapeshifter) (Elf:3)
  A queen bee (Lair:2)
  8 wind drakes
  22 merfolk
  A hellwing (Depths:2)
  19 blink frogs
  33 tarantellas
  A polar bear (Lair:4)
  A hornet (shapeshifter) (Elf:2)
  9 hornets
  3 large abominations
  A tyrant leech (shapeshifter) (Vaults:4)
  A stone giant simulacrum (Vaults:3)
  10 dream sheep
  A raiju (Lair:5)
  29 jumping spiders
  8 snapping turtles
  A dream sheep (shapeshifter) (Depths:4)
  104 slime creatures
  A jumping spider (shapeshifter) (Vaults:4)
  6 shadows
  22 culicivoras
  2 ynoxinuls (Lair:5)
  20 yaks
  11 spriggans
  3 air elementals
  A wyvern (shapeshifter) (Vaults:4)
  4 water elementals
  5 golden eyes (Slime:3)
  7 wraiths
  2 fire elementals
  Eustachio (D:4)
  4 basilisks
  2 wyverns
  A steam dragon (D:8)
  59 redbacks
  9 vampire mosquitoes
  2 chaos spawn
  6 wargs
  Edmund (D:4)
  An acid dragon (D:12)
  A naga (shapeshifter) (D:13)
  11 water moccasins
  A floating eye (shapeshifter) (Vaults:4)
  A floating eye (Depths:3)
  3 nameless horrors
  42 orc warriors
  6 black bears
  9 ogres
  11 wolves
  A lemure (D:8)
  17 centaurs
  3 phantoms
  2 gnoll sergeants
  10 bullfrogs
  12 small abominations (Lair:5)
  A scorpion (D:5)
  20 killer bees
  An electric eel (Spider:3)
  7 howler monkeys
  8 jellies (Lair:4)
  2 sleepcaps (D:7)
  2 hounds
  21 orc priests
  A gnoll bouda (D:5)
  Jessica (D:3)
  Terence (D:3)
  An iguana (D:7)
  25 orc wizards
  Robin (D:3)
  6 adders
  16 gnolls
  A river rat (D:4)
  A shadow imp (D:7)
  3 worms
  4 dart slugs
  83 orcs
  9 ball pythons
  16 endoplasms
  4 giant cockroaches
  13 goblins
  A hobgoblin (shapeshifter) (Vaults:4)
  9 hobgoblins
  3 jackals (D:1)
  18 kobolds
  A quokka (D:4)
  11 bats
  4 frilled lizards
  9 rats
  A butterfly (Lair:5)
  3 tentacles (Shoals:1)
1993 creatures vanquished.

Vanquished Creatures (collateral kills)
  A dread lich (Zot:5)
  An orb of fire (Zot:5)
  An electric golem (Zot:5)
  A tentacled monstrosity (Zot:5)
  5 Orb Guardians (Zot:5)
  A storm dragon (D:14)
  A cacodemon (Zot:5)
  A hydra (Lair:5)
  A dancing weapon (D:13)
  A boulder beetle (Lair:5)
  A thrashing horror (Lair:5)
  2 ugly things (Lair:5)
  4 elephants
  2 black mambas
  A moth of wrath (Zot:5)
  6 cane toads
  4 komodo dragons
  A rime drake (Lair:3)
  A freezing wraith (D:14)
  A polar bear (Lair:3)
  A troll (D:10)
  4 blink frogs (Lair:5)
  A dream sheep (Lair:5)
  2 ynoxinuls (Lair:5)
  3 yaks
  4 basilisks
  4 water moccasins
  A swamp drake (D:9)
  2 black bears
  3 ice beasts (D:7)
  4 wolves
  2 bullfrogs
  A gnoll sergeant (D:10)
  2 killer bees (Lair:2)
  2 orc priests
  2 sleepcaps (D:7)
  A nameless horror (D:10)
  6 gnolls (D:10)
  2 orcs (D:7)
84 creatures vanquished.

Vanquished Creatures (others)
  A dread lich (Zot:5)
  3 Killer Klowns (Zot:5)
  6 Orb Guardians (Zot:5)
  2 tentacled monstrosities (Zot:5)
  A death cob (Zot:5)
  A storm dragon (Zot:4)
  A sixfirhy (Zot:5)
  A water elemental (D:10)
  A kobold (D:9)
  5 tentacles
22 creatures vanquished.

Grand Total: 2099 creatures vanquished

Notes
Turn   | Place    | Note
-------+----------+-------------------------------------------
     0 | D:1      | Flugkiller the Formicid Ice Elementalist began the quest
                  | for the Orb.
     0 | D:1      | Reached XP level 1. HP: 13/13 MP: 3/3
   141 | D:1      | Reached XP level 2. HP: 9/20 MP: 1/5
   356 | D:1      | Reached skill level 1 in Fighting
   356 | D:1      | Reached XP level 3. HP: 26/26 MP: 3/6
  1057 | D:2      | Reached XP level 4. HP: 20/32 MP: 0/8
  1721 | D:3      | Found a basalt altar of Yredelemnul.
  1787 | D:3      | Reached skill level 5 in Ice Magic
  1939 | D:3      | Reached XP level 5. HP: 38/38 MP: 7/9
  1957 | D:3      | Noticed Robin
  1988 | D:2      | Learned a level 3 spell: Frozen Ramparts
  2082 | D:3      | Noticed Jessica
  2087 | D:3      | Killed Jessica
  2101 | D:3      | Noticed Terence
  2105 | D:3      | Killed Terence
  2224 | D:3      | Killed Robin
  2653 | D:4      | Reached XP level 6. HP: 46/46 MP: 6/11
  2738 | D:4      | Found a glowing drain.
  2781 | Sewer    | Entered a sewer
  3062 | D:4      | Found a shimmering altar of Xom.
  3076 | D:4      | Noticed a water moccasin
  3082 | D:4      | Killed a water moccasin
  3083 | D:4      | Reached skill level 6 in Ice Magic
  3083 | D:4      | Reached skill level 1 in Evocations
  3155 | D:4      | Reached XP level 7. HP: 34/52 MP: 5/12
  3266 | D:4      | Found a staircase to the Ecumenical Temple.
  3285 | D:4      | Noticed Eustachio
  3291 | Temple   | Entered the Ecumenical Temple
  3319 | Temple   | Became a worshipper of Gozag Ym Sagoz the Greedy
  3352 | D:4      | Killed Eustachio
  3910 | D:5      | Entered Level 5 of the Dungeon
  4289 | D:4      | Noticed Edmund
  4300 | D:4      | Killed Edmund
  4301 | D:4      | Reached skill level 7 in Ice Magic
  4347 | D:5      | Reached XP level 8. HP: 58/58 MP: 10/14
  4402 | D:5      | Reached skill level 5 in Spellcasting
  4432 | D:4      | Learned a level 3 spell: Ozocubu's Armour
  4437 | D:4      | Learned a level 4 spell: Summon Ice Beast
  4491 | D:5      | Found Diup Zem's General Store.
  4910 | D:5      | Found a glowing golden altar of the Shining One.
  4910 | D:5      | Found a hide-covered altar of Uskayaw.
  4920 | D:5      | Reached skill level 1 in Summonings
  4920 | D:5      | Reached skill level 8 in Ice Magic
  5177 | D:6      | Reached XP level 9. HP: 63/63 MP: 13/17
  5341 | D:6      | Found a glowing silver altar of Zin.
  5922 | D:7      | Reached skill level 5 in Evocations
  6092 | D:7      | Found a bloodstained altar of Trog.
  6114 | D:7      | Reached skill level 9 in Ice Magic
  6173 | D:7      | Found an iron altar of Okawaru.
  6478 | D:7      | Found a hazy altar of Hepliaklqana.
  7035 | D:8      | Noticed Joseph
  7045 | D:8      | Killed Joseph
  7046 | D:8      | Reached skill level 5 in Summonings
  7046 | D:8      | Reached skill level 1 in Armour
  7046 | D:8      | Reached XP level 10. HP: 39/70 MP: 18/20
  7211 | D:8      | Noticed Pikel
  7219 | D:8      | Killed Pikel
  7901 | D:9      | Found a stormy altar of Qazlal.
  7913 | D:9      | Noticed a two-headed ogre
  7924 | D:9      | Killed a two-headed ogre
  7925 | D:9      | Reached skill level 5 in Fighting
  8097 | D:9      | Noticed a two-headed ogre
  8112 | D:9      | Killed a two-headed ogre
  8113 | D:9      | Reached skill level 1 in Maces & Flails
  8518 | D:9      | Noticed Harold
  8523 | D:9      | Killed Harold
  8524 | D:9      | Reached skill level 5 in Armour
  8524 | D:9      | Reached skill level 5 in Dodging
  8524 | D:9      | Reached XP level 11. HP: 81/81 MP: 21/21
  8812 | D:9      | Found a staircase to the Orcish Mines.
  9579 | D:10     | Entered Level 10 of the Dungeon
  9890 | D:10     | Learned a level 3 spell: Stone Arrow
  9946 | D:10     | Noticed a two-headed ogre
  9953 | D:10     | Killed a two-headed ogre
  9954 | D:10     | Reached skill level 1 in Earth Magic
 10277 | D:10     | Found a white marble altar of Elyvilon.
 10295 | D:10     | Reached skill level 1 in Conjurations
 10581 | D:10     | Found a large runed translucent door.
 10581 | D:10     | Found a large runed translucent door.
 11330 | D:11     | Noticed a boulder beetle
 11399 | D:11     | Killed a boulder beetle
 11666 | D:11     | Found a staircase to the Lair.
 11722 | D:11     | Reached XP level 12. HP: 86/91 MP: 22/22
 12100 | Lair:1   | Entered Level 1 of the Lair of Beasts
 12357 | Lair:1   | Bought Ozocubu's Autobiography for 408 gold pieces
 12433 | Lair:1   | Noticed an eight-headed hydra
 12443 | Lair:1   | Killed an eight-headed hydra
 13586 | Lair:2   | Reached skill level 10 in Ice Magic
 13865 | Lair:2   | Found a hole to the Spider Nest.
 13938 | Lair:2   | Reached XP level 13. HP: 78/98 MP: 16/25
 14144 | Lair:2   | Noticed a six-headed hydra
 14172 | Lair:2   | Reached skill level 11 in Ice Magic
 14393 | Lair:2   | Killed a six-headed hydra
 15181 | Lair:3   | Reached skill level 12 in Ice Magic
 15196 | Lair:3   | Noticed a minotaur
 15199 | Lair:3   | Noticed AceOff's ghost (journeyman FeSh)
 15377 | Lair:3   | Found a staircase to the Shoals.
 15978 | Lair:3   | Found a runed translucent gate.
 15978 | Lair:3   | Found a runed translucent gate.
 15978 | Lair:3   | Found a runed translucent gate.
 16378 | Lair:3   | Identified the ring of Egras {Wiz rPois rF- Will+++ rCorr}
 16579 | Lair:4   | Learned a level 7 spell: Ozocubu's Refrigeration
 16598 | Lair:4   | Got an illuminated book
 16649 | Lair:4   | Reached skill level 13 in Ice Magic
 16889 | Lair:4   | Reached skill level 10 in Spellcasting
 17221 | Lair:4   | Reached XP level 14. HP: 101/105 MP: 28/28
 18044 | Lair:5   | Entered Level 5 of the Lair of Beasts
 18225 | Lair:5   | Reached skill level 14 in Ice Magic
 19106 | Lair:5   | Found a viscous altar of Jiyva.
 19107 | Lair:5   | Found a staircase to the Slime Pits.
 19440 | Lair:5   | Reached skill level 15 in Ice Magic
 20517 | Lair:5   | Got an unusual book
 21189 | Lair:5   | Found a corrupted altar of Lugonu.
 21189 | Lair:5   | Found a one-way gate to the infinite horrors of the Abyss.
 21260 | Lair:5   | Identified the +6 scale mail "Ipewett" {Dex+3}
 21376 | Lair:5   | Reached XP level 15. HP: 84/110 MP: 30/30
 22191 | D:12     | Found a runed translucent gate.
 22191 | D:12     | Found a runed translucent gate.
 22191 | D:12     | Found a runed translucent gate.
 22191 | D:12     | Noticed Ezid's ghost (journeyman TrBe)
 22232 | D:12     | Reached skill level 16 in Ice Magic
 22618 | D:12     | Noticed Sonja
 22621 | D:12     | Killed Sonja
 24561 | D:14     | Learned a level 5 spell: Irradiate
 24606 | D:14     | Reached skill level 1 in Transmutations
 24697 | D:14     | Identified the +0 robe "Cieddoipn" {*Corrode rPois Str+3
                  | SInv}
 24763 | D:14     | Noticed a storm dragon
 24782 | D:14     | Killed a storm dragon
 25409 | D:15     | Entered Level 15 of the Dungeon
 25565 | D:14     | Gained mutation: Your mind is acute. (Int +4, Str/Dex -1)
                  | [mutagenic glow]
 26278 | Orc:1    | Entered Level 1 of the Orcish Mines
 26630 | Orc:2    | Entered Level 2 of the Orcish Mines
 26731 | Orc:2    | Noticed an orc warlord
 26764 | Orc:2    | Reached skill level 5 in Conjurations
 27034 | Orc:2    | Killed an orc warlord
 27035 | Orc:2    | Reached XP level 16. HP: 117/117 MP: 6/33
 27248 | Orc:2    | Noticed Josephine
 27252 | Orc:2    | Killed Josephine
 27312 | Orc:2    | Reached skill level 5 in Transmutations
 27913 | Orc:2    | Found a staircase to the Elven Halls.
 28321 | Orc:2    | Found Asitroog's Antique Armour Emporium.
 28321 | Orc:2    | Found Walloycw's Distillery.
 28323 | Orc:2    | Found Vikk's Book Shoppe.
 28323 | Orc:2    | Found Hinewak's Assorted Antiques.
 28333 | Orc:2    | Bought a clear potion for 30 gold pieces
 28338 | Orc:2    | Reached XP level 17. HP: 122/122 MP: 34/34
 28339 | Orc:2    | Bought a potion of heal wounds for 70 gold pieces
 28339 | Orc:2    | Bought a potion of resistance for 140 gold pieces
 28514 | Orc:2    | Found a shimmering blue altar of Sif Muna.
 28900 | D:13     | Found a gate to the Vaults.
 29576 | D:15     | Found a staircase to the Depths.
 30217 | Orc:2    | Bought an ancient cloak for 275 gold pieces
 30217 | Orc:2    | Identified the -1 cloak of Wycvady {Str+2 Slay+3} (You
                  | bought it in a shop on level 2 of the Orcish Mines)
 30221 | Orc:2    | Bought a moonstone ring for 170 gold pieces
 30277 | Elf:1    | Entered Level 1 of the Elven Halls
 30517 | Elf:1    | Reached skill level 10 in Conjurations
 30656 | Elf:1    | Identified the +3 robe "Dexemiogh" {rF+ rC+ Will+}
 30838 | Elf:1    | Reached skill level 5 in Earth Magic
 30997 | Elf:1    | Reached XP level 18. HP: 128/131 MP: 22/36
 31168 | Elf:1    | Noticed Frances
 31177 | Elf:1    | Killed Frances
 31180 | Elf:1    | Gained mutation: Your magical capacity is low. (-10% MP)
                  | [mutagenic glow]
 31289 | Elf:1    | Reached skill level 10 in Armour
 32244 | Elf:2    | Found a huge runed translucent gate.
 32244 | Elf:2    | Found a huge runed translucent gate.
 32244 | Elf:2    | Found a huge runed translucent gate.
 32247 | Elf:2    | Found a huge runed translucent gate.
 32249 | Elf:2    | Found a huge runed translucent gate.
 32310 | Elf:3    | Entered Level 3 of the Elven Halls
 32754 | Elf:3    | Reached skill level 10 in Fighting
 33221 | Elf:3    | Identified a scroll of acquirement
 33817 | Elf:3    | Noticed a deep elf master archer
 33841 | Elf:3    | Killed a deep elf master archer
 33966 | Elf:3    | Identified the staff of Big Damage {rPois rC+ Will+ SInv
                  | Poison}
 34005 | Elf:3    | Reached skill level 10 in Earth Magic
 35180 | Elf:3    | Identified the +2 long sword of Ocsotiep {antimagic, rPois
                  | Int+3}
 35318 | Elf:3    | Identified the staff "Herafagu" {rPois rN+ Dex+3 Necro}
 35359 | Elf:3    | Reached XP level 19. HP: 143/143 MP: 19/33
 35511 | Orc:2    | Bought a book of the Earth for 540 gold pieces
 35518 | Orc:2    | Learned a level 6 spell: Bombard
 36765 | Elf:3    | Acquired 800 gold pieces
 36770 | Elf:3    | Bought a book of Ice for 1050 gold pieces
 36780 | Elf:3    | Learned a level 9 spell: Polar Vortex
 37066 | Lair:3   | Killed AceOff's ghost
 37152 | Shoals:1 | Entered Level 1 of the Shoals
 37429 | Shoals:1 | Reached skill level 17 in Ice Magic
 37669 | Shoals:1 | Found a runed translucent gate.
 37689 | Shoals:1 | Found a runed translucent gate.
 37689 | Shoals:1 | Found an opulent altar of Gozag.
 37690 | Shoals:1 | Found a runed translucent gate.
 37691 | Shoals:1 | Found Jyriffir's Assorted Antiques.
 37691 | Shoals:1 | Noticed morax's ghost (adept HOFi)
 37699 | Shoals:1 | Found Jutoisef's Assorted Antiques.
 39338 | Shoals:3 | Reached skill level 15 in Spellcasting
 39893 | Shoals:3 | Reached XP level 20. HP: 150/150 MP: 21/35
 40049 | Shoals:3 | Noticed Aizul
 40053 | Shoals:3 | Killed Aizul
 40205 | Shoals:3 | Found Plog's Assorted Antiques.
 40208 | Shoals:3 | Bought an encrusted glass wand for 92 gold pieces
 40432 | Shoals:3 | Identified the +0 leather armour of Omission {Str+4 Int+3
                  | Stlth-}
 40505 | Shoals:4 | Entered Level 4 of the Shoals
 40542 | Shoals:4 | Reached skill level 18 in Ice Magic
 41190 | Shoals:4 | Identified the +10 plate armour of Grace {+Inv rPois rF+
                  | Int-2}
 41233 | Shoals:4 | Found Melunysi's Self-Improvement Boutique.
 41335 | Shoals:4 | Reached skill level 10 in Evocations
 41788 | Shoals:4 | Got a barnacled rune of Zot
 42167 | Spider:1 | Entered Level 1 of the Spider Nest
 42602 | Spider:1 | Found a runed translucent door.
 42602 | Spider:1 | Noticed Humorgho's ghost (journeyman MiBe)
 43875 | Spider:2 | Reached skill level 19 in Ice Magic
 43982 | Spider:2 | Identified the +5 ring mail of Dogma {rN+ Str-5 Int+3}
 45415 | Spider:3 | Reached XP level 21. HP: 156/156 MP: 29/37
 46745 | Spider:4 | Entered Level 4 of the Spider Nest
 46892 | Spider:4 | Identified the +9 hand axe "Miezxur" {venom, *Rage Int+5}
 47376 | Spider:4 | Reached skill level 20 in Ice Magic
 47989 | Spider:4 | Got a gossamer rune of Zot
 48486 | Vaults:1 | Entered Level 1 of the Vaults
 49535 | Vaults:1 | Reached XP level 22. HP: 163/163 MP: 32/40
 50110 | Vaults:1 | Identified the +10 plate armour "Corum" {Int+2 SInv Stlth+}
 50437 | Vaults:1 | Reached skill level 21 in Ice Magic
 52849 | Vaults:2 | Found a staircase to the Crypt.
 52849 | Vaults:2 | Found a basalt altar of Yredelemnul.
 52850 | Vaults:2 | Found an ancient bone altar of Kikubaaqudgha.
 53567 | Vaults:3 | Reached skill level 22 in Ice Magic
 54119 | Vaults:3 | Reached XP level 23. HP: 169/169 MP: 28/42
 55332 | Vaults:3 | Reached skill level 23 in Ice Magic
 56375 | Vaults:4 | Identified the +8 whip "Sachugid" {protect, Dex+4}
 57143 | Vaults:4 | Reached skill level 24 in Ice Magic
 57773 | Vaults:4 | Found Hibam's Jewellery Shoppe.
 58348 | Depths:1 | Entered Level 1 of the Depths
 59153 | Depths:1 | Noticed Sojobo
 59162 | Depths:1 | Killed Sojobo
 59163 | Depths:1 | Reached XP level 24. HP: 121/175 MP: 10/42
 59389 | Depths:1 | Reached skill level 25 in Ice Magic
 59490 | Depths:1 | Found a gateway to Hell.
 59558 | Depths:1 | Found a glowing golden altar of the Shining One.
 59734 | Depths:1 | Found a one-way gateway to a ziggurat.
 60766 | Depths:2 | Identified the +7 hand axe of Integrity {speed, rF+ rC+
                  | Will-}
 61217 | Depths:2 | Found a portal to a secret trove of treasure.
 61251 | Depths:2 | Found a one-way gate leading to the halls of Pandemonium.
 61911 | Depths:3 | Noticed a golden dragon
 61967 | Depths:3 | Killed a golden dragon
 62419 | Depths:3 | Identified the +0 quick blade of Discord {elec, rPois rF+
                  | rC+ Int+2}
 62850 | Depths:3 | Reached XP level 25. HP: 190/190 MP: 30/43
 62893 | Depths:3 | Identified the +0 chain mail of the Vestibule of Hell
                  | {Stlth+}
 63721 | Depths:4 | Entered Level 4 of the Depths
 63744 | Depths:4 | Reached skill level 15 in Fighting
 64319 | Vaults:4 | Bought the ring "Roupydgh" {rF+ rN+ rCorr Str+3} for 963
                  | gold pieces
 64953 | Depths:4 | Found a gate to the Realm of Zot.
 65490 | Depths:4 | Reached skill level 15 in Armour
 65744 | Depths:4 | Found a large runed translucent door.
 65745 | Depths:4 | Found a large runed translucent door.
 65747 | Depths:4 | Noticed Gaexku's ghost (veteran DrSh)
 65828 | Depths:4 | Killed Gaexku's ghost
 65840 | Depths:4 | Identified the +6 broad axe of Hoiluo {protect, rPois rF+
                  | Str+4}
 66590 | Slime:1  | Entered Level 1 of the Pits of Slime
 67162 | Slime:3  | Reached skill level 26 in Ice Magic
 67687 | Slime:5  | Entered Level 5 of the Pits of Slime
 67823 | Slime:5  | Reached XP level 26. HP: 190/201 MP: 24/43
 68132 | Slime:5  | Noticed Dissolution
 68163 | Slime:5  | Killed Dissolution
 68323 | Slime:5  | Reached skill level 27 in Ice Magic
 68609 | Slime:5  | Noticed the Royal Jelly
 68619 | Slime:5  | Killed the Royal Jelly
 69020 | Slime:5  | Identified the +6 rapier "Suewne" {heavy, rC+ rCorr MP-9
                  | Int+3 Dex+7}
 69035 | Slime:5  | Identified the ring "Lomysk" {rC+ rN+ Int+2 Stlth+}
 69039 | Slime:5  | Identified the +9 quarterstaff of the Evening {vamp, Str+4
                  | Int+3 Dex-3}
 69053 | Slime:5  | Identified the staff "Goebress" {rN+ Int+3 SInv Conj Necro}
 69058 | Slime:5  | Found the +8 arc blade {discharge, rElec}
 69061 | Slime:5  | Got a slimy rune of Zot
 69062 | Slime:5  | Identified the amulet of Jeoqo {Faith Contam *Slow +Blink
                  | SInv}
 69065 | Slime:5  | Identified the +2 trident "Malijium" {vamp, rElec}
 69074 | Slime:5  | Identified the ring "Querphin" {*Corrode rC+ rN++ Dex+6}
 69097 | Slime:5  | Identified the amulet of the Snail {Spirit Str+3}
 69490 | Zot:1    | Entered Level 1 of the Realm of Zot
 69496 | Zot:1    | Noticed an orb of fire
 69518 | Zot:1    | Killed an orb of fire
 70123 | Zot:1    | Noticed a curse toe
 70225 | Zot:1    | Killed a curse toe
 71596 | Zot:1    | Identified the +3 spear "Esofa" {pain, rCorr}
 72239 | Zot:2    | Noticed a curse toe
 72253 | Zot:2    | Killed a curse toe
 72254 | Zot:2    | Reached XP level 27. HP: 185/208 MP: 24/43
 72502 | Zot:2    | Noticed an orb of fire
 72508 | Zot:2    | Killed an orb of fire
 72648 | Zot:2    | Reached skill level 15 in Earth Magic
 72699 | Zot:2    | Got a weird book
 72859 | Zot:4    | Noticed an orb of fire
 72867 | Zot:4    | Killed an orb of fire
 73383 | Zot:4    | Identified the +1 leather armour of Nemelex Xobeh's Grace
                  | {Will+ Slay+3 Stlth+}
 73417 | Zot:5    | Entered Level 5 of the Realm of Zot
 73651 | Zot:5    | Identified the +9 quarterstaff "Jioshrife" {venom, Int+5}
 73925 | Zot:5    | Noticed a dread lich
 73931 | Zot:5    | Killed a dread lich
 73943 | Zot:5    | Noticed an orb of fire
 73943 | Zot:5    | Gained mutation: You are weak. (Str -2) [an orb of fire]
 73947 | Zot:5    | Gained mutation: Your body sometimes deteriorates upon
                  | taking damage. [an orb of fire]
 73954 | Zot:5    | Killed an orb of fire
 73956 | Zot:5    | Noticed an orb of fire
 73959 | Zot:5    | Noticed an orb of fire
 73963 | Zot:5    | Lost mutation: Your mind is acute. (Int +4, Str/Dex -1) [an
                  | orb of fire]
 73965 | Zot:5    | Killed an orb of fire
 73965 | Zot:5    | Gained mutation: You are dopey. (Int -2) [an orb of fire]
 73966 | Zot:5    | Killed an orb of fire
 74005 | Zot:5    | Lost mutation: Your magical capacity is low. (-10% MP)
                  | [potion of mutation]
 74005 | Zot:5    | Lost mutation: You are weak. (Str -2) [potion of mutation]
 74005 | Zot:5    | Gained mutation: You are covered in fur. (AC +1) [potion of
                  | mutation]
 74006 | Zot:5    | Lost mutation: You are covered in fur. (AC +1) [potion of
                  | mutation]
 74006 | Zot:5    | Lost mutation: Your body sometimes deteriorates upon taking
                  | damage. [potion of mutation]
 74006 | Zot:5    | Lost mutation: You are dopey. (Int -2) [potion of mutation]
 74006 | Zot:5    | Gained mutation: You expend magic power (3 MP) to
                  | strengthen your wands. [potion of mutation]
 74177 | Zot:5    | Noticed an orb of fire
 74191 | Zot:5    | Noticed a Killer Klown
 74195 | Zot:5    | Noticed an orb of fire
 74208 | Zot:5    | Noticed a Killer Klown
 74209 | Zot:5    | Noticed an orb of fire
 74210 | Zot:5    | Noticed an orb of fire
 74211 | Zot:5    | Noticed an orb of fire
 74211 | Zot:5    | Noticed an orb of fire
 74212 | Zot:5    | Noticed a dread lich
 74213 | Zot:5    | Noticed a Killer Klown
 74219 | Zot:5    | Killed a dread lich
 74222 | Zot:5    | Killed a Killer Klown
 74229 | Zot:5    | Killed a Killer Klown
 74236 | Zot:5    | Got the Orb of Zot
 74255 | Zot:5    | Killed a dread lich
 74264 | Zot:5    | Noticed a Killer Klown
 74299 | Zot:5    | Killed an orb of fire
 74565 | Zot:2    | Noticed Hoinyxzu the pandemonium lord
 74578 | Zot:2    | Demolished by Hoinyxzu the pandemonium lord

Illustrated notes

Levels and vault maps discovered:
D:1:      minmay_arrival_plants_in_alcoves, layout_rooms
D:2:      layout_basic
D:3:      layout_loops_ring, overflow_temple_1_default,
          kennysheep_generic_room_5, uniq_terence, uniq_jessica, uniq_robin
D:4:      layout_loops_cross, mainiacjoe_overflow_cross_hatched,
          minmay_temple_entry_wispy, gup_sewer_entry_bowl, uniq_edmund,
          uniq_eustachio
D:5:      layout_rooms, amethyst_overflow_temple_binary, serial_shops, shop
D:6:      layout_cave_pools, mainiacjoe_overflow_paths
D:7:      layout_basic, okawaru_trees_1, worldfamousw_hep_ancestral_shrine,
          bloody_trog, kennysheep_another_room
D:8:      layout_basic, uniq_pikel, uniq_joseph
D:9:      layout_long_grid, grunt_qazlal_clouds, erik_orc_1, uniq_harold
D:10:     layout_grid_maze, elyvilon_altar_1, minmay_strange_pillars,
          minivault_11, lightli_elemental_guards
D:11:     layout_basic, grunt_lair_entry_orc_guard_hut
D:12:     layout_basic, gammafunk_ghost_split, uniq_sonja
D:13:     layout_small_grid, erik_vaults_1
D:14:     minmay_bad_star, layout_loops_ring
D:15:     gammafunk_enter_depths_forms, layout_cave_pools,
          minmay_misc_feat_more_columns
Temple:   hellmonk_temple_flake
Lair:1:   layout_cave_pods, grunt_megastairs_1
Lair:2:   layout_roguey [special_room_bee], spider_nest_entry_funnel_web
Lair:3:   layout_roguey, minmay_shoals_entry_centaurs,
          maelrawn_ghost_gauntlet_escape, chequers_serial_rivers_marsh,
          beast_lair_carwin_7
Lair:4:   lemuel_slime, layout_misc_corridors, infiniplex_staircase_pool,
          lemuel_fruit_tree
Lair:5:   hellmonk_lair_end_abyssal_woods, layout_gridlike, slime_entry_1,
          infiniplex_staircase_pool_2, lemuel_fruit_fields
Shoals:1: layout_shoals, ebering_ghost_gozag, abandoned_shop
Shoals:2: layout_shoals, nicolae_shoals_bring_sunscreen
Shoals:3: layout_shoals, serial_shops, nicolae_shop_behind_doors, uniq_aizul
Shoals:4: shoals_end_hangedman, layout_shoals, nicolae_shop_self_help
Spider:1: layout_spider_delve, gammafunk_ghost_grave
Spider:2: layout_chambers, guppyfry_spider_mini_2,
          hangedman_spider_tarantella_strand
Spider:3: layout_spider_delve, nicolae_spider_paper_wasps
Spider:4: grunt_spider_rune_island
Slime:1:  layout_caves
Slime:2:  layout_caves
Slime:3:  layout_caves, nicolae_slime_crime_time
Slime:4:  layout_caves
Slime:5:  slime_pit_nicolae_royal_road_to_ruin, uniq_dissolution
Orc:1:    layout_caves
Orc:2:    st_orc_pillars, layout_caves, led_sif_book, uniq_josephine
Elf:1:    minmay_elf_arrival_summoners, layout_geoelf_grid,
          hangedman_corner_corridor, minmay_misc_feat_diagonals,
          dk_noncrumbling_3, uniq_frances
Elf:2:    elven_hall_of_blades_hangedman_alternative
          [nicolae_blade_entry_antechamber], layout_geoelf_octagon,
          grunt_ministairs_15
Elf:3:    minmay_elf_hall_dome, layout_loops_corners
Vaults:1: nicolae_vaults_six-pack, grunt_vaults_swirl,
          hangedman_vaults_river_flow, nicolae_vaults_fighting_squares,
          v_misc_9, nicolae_vaults_house_3, vaults_room_ringed_pool,
          nicolae_vaults_storage_closets_2, nicolae_vaults_storage_closets_1,
          nicolae_vaults_trapezoid_2, ontoclasm_vaults_loading_screen,
          nicolae_vaults_trapezoid_lopsided_1, nicolae_vaults_trapezoid_1,
          layout_vaults_omnicross
Vaults:2: grunt_vaults_twisty, grunt_vaults_focal,
          nicolae_vaults_tangent_ellipses, nicolae_vaults_double_plus_1,
          nicolae_vaults_storage_room_water, minmay_crypt_entry_necro_gods,
          nicolae_vaults_ring_of_whatevers, nicolae_vaults_prndl,
          nicolae_vaults_little_ls, layout_vaults_quadrants
Vaults:3: grunt_vaults_funnel, vaults_room_boxed, v_rooms_2,
          nicolae_vaults_statue_guard, ontoclasm_vaults_ligature,
          nicolae_vaults_disjoint_gnomons, ontoclasm_vaults_hangar,
          hangedman_vaults_stagger, vaults_room_semicircle,
          nicolae_vaults_hexular_roomagon, ontoclasm_vaults_shuriken,
          nicolae_vaults_network_barrier, v_misc_14, vaults_room_stairs_pillars,
          vaults_dpeg_encased_lava, nicolae_vaults_trapezoid_2,
          nicolae_vaults_little_squares_3, layout_vaults_omnibox
Vaults:4: ontoclasm_vaults_decontamination, nicolae_vaults_swerve,
          nicolae_vaults_closet_pinwheel_1, nicolae_vaults_loss_of_containment,
          vaults_room_corners, hangedman_vaults_cutoff,
          nicolae_vaults_weapon_check, nicolae_vaults_closet_pinwheel_4,
          nicolae_vaults_shelves_hall, nicolae_vaults_bisected_exclaves,
          ontoclasm_vaults_misaligned, nicolae_vaults_double_plus_2,
          nicolae_vaults_apartment_1, layout_vaults_maze_snakey, serial_shops,
          shop
Depths:1: layout_cave_shapes, enter_ziggurat_e, hell_entry, abyss_entry_crystal,
          kennysheep_minor_cross, minmay_misc_feat_rows, tso_oasis_becter,
          uniq_sojobo
Depths:2: nicolae_terramorphic_expanse [nicolae_terramorphic_quarter,
          nicolae_terramorphic_quarter, nicolae_terramorphic_quarter,
          nicolae_terramorphic_quarter, nicolae_terramorphic_quarter,
          nicolae_terramorphic_biome, nicolae_terramorphic_biome,
          nicolae_terramorphic_biome, nicolae_terramorphic_biome],
          layout_cave_pools, enter_trove_3, serial_bayou_lagoon_a,
          rand_demon_pan_entry_3, hangedman_abyss_entry_splay, hell_entry
Depths:3: minmay_shoctagon, layout_cave_shapes, lightli_too_deep,
          patterned_corridor, abyss_entry, infiniplex_staircase_pillars_3b
Depths:4: evilmike_zot_entry_basic, layout_gridlike, hangedman_decor_riveting,
          hellmouth_3, ebering_ghost_disaster_area
Zot:1:    layout_misc_corridors
Zot:2:    layout_onion, gammafunk_ghost_ooze, nzn_random_ring, uniq_tiamat
Zot:3:    layout_basic, hangedman_spider_trapstep, grunt_megastairs_2
Zot:4:    layout_gridville, grunt_megastairs_4
Zot:5:    layout_cathedral_of_symmetry

Skill      XL: |  1  2  3  4  5  6  7  8  9 10 11 12 13 14 15 16 17 18 19 20 21 22 23 24 25 26 27 |
---------------+----------------------------------------------------------------------------------+-----
Fighting       | 1 2 3 6 7 8 11 13 15 | 15.4
Spellcasting   | 3 4 5 7 8 10 11 13 14 15 16 18 20 21 | 21.3
Ice Magic      | 5 6 7 8 9 10 13 15 16 17 19 20 22 24 25 26 27 | 27.0
Evocations     | 1 2 4 5 9 10 | 10.0
Summonings     | 1 5 |  5.0
Armour         | 1 5 7 8 9 11 13 15 | 15.0
Dodging        | 2 5 6 7 8 |  8.0
Maces & Flails | 3 4 |  4.0
Earth Magic    | 3 4 5 11 12 14 17 | 17.9
Conjurations   | 2 3 5 7 10 11 14 | 14.5
Transmutations | 4 7 |  7.8
Stealth        | |  2.4

Action                     |  1- 3 |  4- 6 |  7- 9 | 10-12 | 13-15 | 16-18 | 19-21 | 22-24 | 25-27 || total
---------------------------+-------+-------+-------+-------+-------+-------+-------+-------+-------++-------
  Melee: Unarmed           |    15 |       |       |       |       |       |       |       |       ||    15
         Flail             |    14 |    47 |    65 |   216 |   304 |       |       |       |       ||   646
         Punch             |       |       |     1 |     3 |     8 |     2 |     4 |     3 |     2 ||    23
         Staff             |       |       |       |       |    19 |    83 |   111 |   170 |    96 ||   479
   Cast: Freeze            |    34 |    65 |    64 |   119 |   271 |       |       |       |       ||   553
         Frozen Ramparts   |       |    10 |    23 |    51 |    42 |       |       |       |       ||   126
         Summon Ice Beast  |       |       |     9 |    52 |    68 |       |       |       |       ||   129
         Ozocubu's Armour  |       |       |     4 |    19 |    36 |       |       |       |       ||    59
         Ozocubu's Refrige |       |       |       |       |   133 |   249 |   573 |   449 |   329 ||  1733
         Stone Arrow       |       |       |       |       |    11 |       |       |       |       ||    11
         Irradiate         |       |       |       |       |     2 |    34 |    16 |    32 |    45 ||   129
         Bombard           |       |       |       |       |       |       |     8 |    33 |    29 ||    70
         Polar Vortex      |       |       |       |       |       |       |       |    16 |    49 ||    65
 Invoke: Potion Petition   |       |       |       |     1 |     3 |       |     2 |     1 |    13 ||    20
         Call Merchant     |       |       |       |     1 |       |       |     1 |       |       ||     2
         Bribe Branch      |       |       |       |       |       |       |       |       |     3 ||     3
Ability: Dig               |       |       |       |     1 |       |     1 |     2 |       |       ||     4
  Evoke: Wand              |       |     2 |     8 |     9 |    11 |     1 |    11 |       |     2 ||    44
    Use: Scroll            |       |     5 |    11 |     9 |     7 |     8 |     1 |     2 |     5 ||    48
         Potion            |       |       |       |       |     3 |     1 |     6 |       |     7 ||    17
   Stab: Sleeping          |     2 |     3 |     1 |       |       |       |       |       |       ||     6
         Distracted        |       |       |     1 |     4 |     1 |       |       |     1 |       ||     7
 Armour: Robe              |    33 |    55 |   134 |     4 |     3 |     8 |     1 |       |       ||   238
         Ring mail         |       |       |       |   326 |   601 |    39 |       |       |       ||   966
         Scale mail        |       |       |       |       |       |    83 |   392 |   422 |   472 ||  1369
         Skin              |       |       |       |       |       |       |    49 |       |       ||    49
  Dodge: Dodged            |    35 |    67 |    98 |   288 |   676 |    78 |   193 |   178 |   184 ||  1797

Table legend: (Time is in decaauts)
 A = Elapsed time spent in this place.
 B = Non-inter-level travel time spent in this place.
 C = Inter-level travel time spent in this place.
 D = Time resting spent in this place.
 E = Time spent auto-exploring this place.
 F = Levels seen in this place.
 G = Mean time per level.
                   A        B        C        D        E       F      G
               +--------+--------+--------+--------+--------+-----+--------+
         Total |  75308 |  70700 |   4608 |  26794 |  28653 |  53 | 1420.9 |
       Dungeon |  18853 |  16969 |   1884 |   4595 |   8527 |  15 | 1256.9 |
        Temple |     39 |     19 |     20 |     17 |      0 |   1 |   39.0 |
          Lair |  10277 |   9481 |    796 |   4039 |   2992 |   5 | 2055.4 |
        Shoals |   5286 |   5134 |    152 |   1868 |   2178 |   4 | 1321.5 |
   Spider Nest |   6153 |   6040 |    113 |   2404 |   2616 |   4 | 1538.2 |
    Slime Pits |   2516 |   2450 |     66 |    867 |    629 |   5 |  503.2 |
  Orcish Mines |   2641 |   2348 |    293 |   1024 |    894 |   2 | 1320.5 |
   Elven Halls |   6464 |   6198 |    266 |   1873 |   3329 |   3 | 2154.7 |
        Vaults |  10058 |   9505 |    553 |   4025 |   3767 |   4 | 2514.5 |
        Depths |   8756 |   8363 |    393 |   4172 |   2983 |   4 | 2189.0 |
           Zot |   3996 |   3928 |     68 |   1882 |    631 |   5 |  799.2 |
         Sewer |    264 |    264 |      0 |     28 |    105 |   1 |  264.0 |
               +--------+--------+--------+--------+--------+-----+--------+

Top non-repeatable levels by time:
   Elf:3: 4228 daAuts
  Lair:5: 3110 daAuts
Vaults:3: 2902 daAuts
Depths:4: 2724 daAuts
Vaults:2: 2695 daAuts
Depths:3: 2400 daAuts
Vaults:1: 2327 daAuts
Spider:2: 2320 daAuts
  Lair:4: 2167 daAuts
Vaults:4: 2133 daAuts
    D:14: 1990 daAuts
  Lair:2: 1887 daAuts
    D:10: 1845 daAuts
Depths:2: 1829 daAuts
Depths:1: 1800 daAuts
